 Dungeon Crawl Stone Soup version 0.19.5 (webtiles) character file.

15 KyrSir05 the Skirmisher (level 2, -8/27 HPs)
             Began as a Minotaur Abyssal Knight on Apr 26, 2017.
             Was a Follower of Lugonu.
             Mangled by Sigmund
             ... wielding a +0 scythe
              (10 damage)
             ... on level 2 of the Dungeon.
             The game lasted 00:03:54 (1112 turns).

KyrSir05 the Skirmisher (Minotaur Abyssal Knight)   Turns: 1112, Time: 00:03:55

Health: -8/27      AC:  5    Str: 14 (16) XL:     2   Next: 34%
Magic:  2/2        EV: 10    Int:  6 (9)  God:    Lugonu [*.....]
Gold:   133        SH:  0    Dex:  6 (9)  Spells: 0 memorised, 1 level left

rFire  . . .     SeeInvis .     a - +1 falchion
rCold  . . .     Gourm    .     j - +0 ring mail
rNeg   . . .     Faith    .     (no shield)
rPois  .         Spirit   .     (helmet restricted)
rElec  .         Reflect  .     (no cloak)
rCorr  .         Harm     .     (no gloves)
MR     .....                    (no boots)
Stlth  ..........               (no amulet)
                                (no ring)
                                (no ring)

@: no status effects
A: retaliatory headbutt, horns 2
a: Depart the Abyss, Renounce Religion


You were on level 2 of the Dungeon.
You worshipped Lugonu.
Lugonu was aware of your devotion.
You were hungry.

You visited 1 branch of the dungeon, and saw 2 of its levels.
You visited the Abyss 1 time.

You collected 133 gold pieces.

Inventory:

Hand Weapons
 a - a +1 falchion (weapon)
 k - a +0 club
 q - a +0 club
Missiles
 s - 12 stones (quivered)
Armour
 b - a +0 leather armour
 d - a +0 robe
 i - a +0 leather armour
 j - a +0 ring mail (worn)
 o - a +0 ring mail
Jewellery
 g - an uncursed ring of fire {unknown}
Scrolls
 h - 2 scrolls of identify {unknown}
 r - a scroll of teleportation {unknown}
Potions
 e - a potion of invisibility {unknown}
 l - a potion of agility {unknown}
 m - a potion of degeneration
 n - a potion of haste {unknown}
 p - a potion of heal wounds {unknown}
Comestibles
 c - a bread ration
 f - 2 meat rations


   Skills:
 + Level 4.1 Fighting
 + Level 2.7 Long Blades
 + Level 2.8 Armour
 + Level 1.2 Dodging
 + Level 1.7 Invocations


You had one spell level left.
You didn't know any spells.

Dungeon Overview and Level Annotations

Branches:
Dungeon (2/15)

Altars:

Annotations:
D:2 Sigmund


Innate Abilities, Weirdness & Mutations

You reflexively headbutt those who attack you in melee.
You have a pair of horns on your head.


Message History

Sigmund laughs darkly.
Sigmund hits you with a scythe!
* * * LOW HITPOINT WARNING * * *
You hit Sigmund.
Sigmund is lightly wounded.
Sigmund closely misses you.
You hit Sigmund but do no damage.
Sigmund is lightly wounded.
You barely miss Sigmund.
Sigmund is lightly wounded.
Sigmund hits you with a scythe!
* * * LOW HITPOINT WARNING * * *
Okay, then.
Wield which item (- for none, * to show all)? (? for menu, Esc to quit)
Okay, then.
It was a potion of degeneration.
There was something very wrong with that liquid.
You feel weakened.
You feel dopey.
You feel clumsy. Sigmund hits you with a scythe!
You die...

...# #. ...#### ..
......# #. #.###>#
#. #. .####.# #.
.. ......# #.## ..
.###..# #..# .# .#
#..# ##.##.# .#
#..# ##..@@# ##
#..#######.#.##.#
####.........###.#
.# ..<.......[...#
## .$
#####.########.#
.# #........ ... #
######### ###


You could see Sigmund.

Vanquished Creatures
  A dart slug (D:1)
  2 giant cockroaches
  2 goblins (D:1)
  2 hobgoblins (D:1)
  A kobold (D:1)
  3 frilled lizards (D:1)
  A rat (D:1)
12 creatures vanquished.

Notes
Turn   | Place    | Note
-------+----------+-------------------------------------------
     0 | Abyss:1  | KyrSir05 the Minotaur Abyssal Knight began the quest for the Orb.
     0 | Abyss:1  | Reached XP level 1. HP: 19/19 MP: 1/1
     0 | D:1      | Escaped the Abyss
   596 | D:1      | Reached skill level 4 in Fighting
   598 | D:1      | Reached XP level 2. HP: 21/27 MP: 2/2
   758 | D:1      | Reached * piety under Lugonu
  1102 | D:2      | Noticed Sigmund
  1112 | D:2      | Mangled by Sigmund

Skill      XL: |  1 |
---------------+----+-----
Fighting       | 4 |  4.1
Long Blades    | |  2.7
Armour         | |  2.8
Dodging        | |  1.2
Invocations    | |  1.7

Action                   || total
-------------------------++-------
Melee: Falchion          ||    30
       Headbutt          ||     2
Invok: Depart the Abyss  ||     1
  Use: Potion            ||     1
Armor: Leather armour    ||     3
       Ring mail         ||     6
Dodge: Dodged            ||    16
       Rpst.: Falchion   ||     7
